 Dungeon Crawl Stone Soup version 0.23.0 (webtiles) character file.

Game seed: 1056808050718711279

143609 Jaiteiro the Peltast (level 16, -6/139 HPs)
             Began as a Minotaur Fighter on Feb 10, 2019.
             Was the Champion of the Shining One.
             Killed from afar by Roxanne (38 damage)
             ... with a bolt of magma
             ... on level 3 of the Spider Nest.
             The game lasted 02:26:58 (30273 turns).

Jaiteiro the Peltast (Minotaur Fighter)            Turns: 30273, Time: 02:26:58

Health: -6/139     AC: 23    Str: 34    XL:     16   Next: 83%
Magic:  0/22       EV: 16    Int:  5    God:    the Shining One [******]
Gold:   2812       SH: 21    Dex: 15    Spells: 15/15 levels left

rFire    . . .     SeeInvis .   b - +2 hunting sling (freeze)
rCold    . . .     Gourm    .   c - +0 shield
rNeg     + + +     Faith    .   y - +3 storm dragon scales
rPois    +         Spirit   +   r - +1 hat
rElec    +         Reflect  +   Z - scarf {Spirit}
rCorr    .         Harm     .   m - +0 pair of gloves
MR       ++...                  G - +0 pair of boots
Stlth    ..........             P - +5 amulet of reflection
HPRegen  0.00/turn              v - ring of protection from magic
MPRegen  0.18/turn              t - ring "Seinoppi" {rPois Str+6 Stlth+}

@: mighty, glowing
A: retaliatory headbutt, horns 2, blink, inhibited regeneration
a: Blink, Divine Shield, Cleansing Flame, Summon Divine Warrior, Brand Weapon
With Holy Wrath, Renounce Religion


You were on level 3 of the Spider Nest.
You worshipped the Shining One.
The Shining One was exalted by your worship.
You were not hungry.

You visited 5 branches of the dungeon, and saw 27 of its levels.

You collected 2812 gold pieces.

Inventory:

Hand Weapons
 a - a +7 war axe of freezing
 b - a +2 hunting sling of freezing (weapon)
 C - a +2 eveningstar of protection
Missiles
 g - 776 stones (quivered)
 o - 137 sling bullets
 u - 51 tomahawks
 S - 8 tomahawks of returning
Armour
 c - a +0 shield (worn)
 m - a +0 pair of gloves (worn)
 r - a +1 hat (worn)
 y - +3 storm dragon scales (worn)
 G - a +0 pair of boots (worn)
 H - +0 fire dragon scales
 Z - a scarf of spirit shield (worn)
Jewellery
 t - the ring "Seinoppi" (right hand) {rPois Str+6 Stlth+}
   (You found it on level 15 of the Dungeon)

   [ring of stealth]

   It affects your strength (+6).
   It protects you from poison.
   It makes you more stealthy.
 v - a ring of protection from magic (left hand)
 P - a +5 amulet of reflection (around neck)
 T - an uncursed ring of protection from cold
 W - an uncursed ring of protection from fire
Wands
 e - a wand of enslavement (8)
 A - a wand of polymorph (10)
 M - a wand of disintegration (5)
 N - a wand of digging (10)
 O - a wand of acid (14)
 Y - a wand of paralysis (6)
Scrolls
 h - 5 scrolls of magic mapping
 i - 2 scrolls of identify
 k - 13 scrolls of teleportation
 p - 2 scrolls of fear
 x - 2 scrolls of fog
 F - 2 scrolls of summoning
 I - 15 scrolls of remove curse
 J - a scroll of silence
 K - a scroll of holy word
 U - a scroll of blinking
 X - 2 scrolls of brand weapon
Potions
 l - 6 potions of haste
 n - a potion of brilliance
 q - 3 potions of resistance
 s - 8 potions of agility
 w - 4 potions of flight
 z - a potion of magic
 D - 4 potions of cancellation
 L - 11 potions of curing
 Q - 4 potions of berserk rage
 V - 2 potions of heal wounds
Miscellaneous
 B - a phantom mirror
Comestibles
 f - 52 rations


   Skills:
 + Level 11.8 Fighting
 - Level 16.0 Axes
 * Level 11.1 Slings
 - Level 1.7(6.7) Throwing
 * Level 13.3 Armour
 * Level 11.2 Dodging
 - Level 0.1 Stealth
 * Level 17.7 Shields
 * Level 9.5 Invocations
 * Level 5.7 Evocations


You had 15 spell levels left.
You didn't know any spells.
Your spell library contained the following spells:

 Spells                   Type           Power        Failure   Level  Hunger
 Animate Skeleton         Necr           N/A          85%         1    ##.....
 Apportation              Tloc           #.....       85%         1    ##.....
 Confusing Touch          Hex            #.....       85%         1    ##.....
 Corona                   Hex            #......      85%         1    ##.....
 Freeze                   Ice            #...         85%         1    ##.....
 Infusion                 Chrm           #...         85%         1    ##.....
 Pain                     Necr           #...         85%         1    ##.....
 Summon Small Mammal      Summ           #...         85%         1    ##.....
 Ensorcelled Hibernation  Hex/Ice        #.....       94%         2    ###....
 Poisonous Vapours        Pois/Air       #.....       94%         2    ###....
 Shroud of Golubria       Chrm/Tloc      #.........   94%         2    ###....
 Song of Slaying          Chrm           #.......     94%         2    ###....
 Sublimation of Blood     Necr           #.........   94%         2    ###....
 Throw Frost              Conj/Ice       #.....       94%         2    ###....
 Confuse                  Hex            #.......     99%         3    ####...
 Conjure Flame            Conj/Fire      #.......     99%         3    ####...
 Dazzling Spray           Conj/Hex       #.....       99%         3    ####...
 Gell's Gravitas          Tloc           #.........   99%         3    ####...
 Ignite Poison            Fire/Tmut/Pois #.......     99%         3    ####...
 Mephitic Cloud           Conj/Pois/Air  #.......     99%         3    ####...
 Ozocubu's Armour         Chrm/Ice       #.......     99%         3    ####...
 Regeneration             Chrm/Necr      #.........   99%         3    ####...
 Spectral Weapon          Hex/Chrm       #.......     99%         3    ####...
 Tukima's Dance           Hex            #.......     99%         3    ####...
 Vampiric Draining        Necr           #.........   99%         3    ####...
 Animate Dead             Necr           N/A          100%        4    #####..
 Petrify                  Tmut/Erth      #.......     100%        4    #####..
 Summon Ice Beast         Ice/Summ       #.......     100%        4    #####..
 Throw Icicle             Conj/Ice       #.......     100%        4    #####..
 Alistair's Intoxication  Tmut/Pois      #.......     100%        5    ######.
 Borgnjor's Vile Clutch   Necr/Erth      #.........   100%        5    ######.
 Irradiate                Conj/Tmut      #.........   100%        5    ######.
 Metabolic Englaciation   Hex/Ice        #.........   100%        5    ######.
 Silence                  Hex/Air        #.........   100%        5    ######.
 Yara's Violent Unravell  Hex/Tmut       #.........   100%        5    ######.
 Darkness                 Hex            #.........   100%        6    #######
 Freezing Cloud           Conj/Ice/Air   #.........   100%        6    #######
 Shadow Creatures         Summ           N/A          100%        6    #######
 Ring of Flames           Chrm/Fire      #.........   100%        7    #######


Dungeon Overview and Level Annotations

Branches:
Dungeon (15/15)            Temple (1/1) D:7            Lair (6/6) D:8
 Shoals (0/4) Lair:3       Spider (3/4) Lair:4        Slime (0/5) Lair:5
    Orc (2/2) D:12            Elf (0/3) Orc:2        Vaults (0/5) D:13
 Depths (0/5) D:15

Altars:
Ashenzari
Cheibriados
Dithmenos
Fedhas
Gozag
Hepliaklqana
Kikubaaqudgha
Makhleb
Nemelex Xobeh
Qazlal
Ru
Sif Muna
Trog
Uskayaw
Vehumet
Wu Jian
Xom
Yredelemnul
Zin
The Shining One
Beogh

Shops:
D:4 !   D:6 :   D:9 }   D:11 *   Orc:2 (}*=

Annotations:
D:15 3 runed translucent doors, Monsterracer's ghost, journeyman OgCK
Spider:3 exclusion: Roxanne, Roxanne


Innate Abilities, Weirdness & Mutations

You reflexively headbutt those who attack you in melee.
You have a pair of horns on your head.
You can translocate small distances at will.
You do not regenerate when monsters are visible.


Message History

Roxanne mumbles some strange words.
You blink.
Roxanne mumbles some strange words.
The orb of energy reflects off an invisible shield around you!
The orb of energy hits Roxanne!
You clumsily bash Roxanne but do no damage.
Roxanne is almost destroyed.
You clumsily bash Roxanne but do no damage.
Roxanne is almost destroyed.
Roxanne casts a spell.
You blink.
Roxanne mumbles some strange words.
The bolt of magma hits you!!
* * * LOW HITPOINT WARNING * * *
You feel much better.
Roxanne mutters, "When I said I wanted to live forever... this was not what I had in mind."
Your divine shield fades away.
Roxanne mumbles some strange words.
The bolt of magma hits you!!!
You die...

##................
#..#..............
##.##..^...........
#..###............#
##.##
##.......###.#
##...# #..^#..##
###
##....####.##..# #.
#...8......#..# ##.
##....@.####..#
##.. #......### .#
#... #........##
... ##..
.....##.......#
..## ##. ###..
#.......# #..####.
#.###.....<..#
##.#.... #.#
##......##
###......# ^..
##...##..#
.......... ..
##....#..
..#.......


You could see Roxanne.

Vanquished Creatures
  Asterion (Spider:3)
  Frances (D:14)
  A storm dragon (D:15)
  A frost giant (D:15)
  A stone giant (D:15)
  4 entropy weavers
  An ettin (D:15)
  The ghost of Gearfox the Peltast, a journeyman MiBe of Trog (D:14)
  2 fire dragons
  A yaktaur captain (D:15)
  Fannar (Orc:1)
  A great orb of eyes (D:8)
  An ice dragon (Lair:5)
  Erica (Orc:1)
  The ghost of feelmyfire the Brawler, a journeyman VSWr of Qazlal (Lair:3)
  12 hydras
  2 centaur warriors (D:15)
  4 two-headed ogres
  A queen ant (Lair:6)
  8 death yaks
  Urug (Lair:4)
  4 tengu warriors
  An orc high priest (Orc:2)
  A fire crab (Lair:4)
  A swamp dragon (Lair:6)
  A wolf spider zombie (D:15)
  11 orb spiders
  2 manticores
  4 orc sorcerers (Orc:2)
  A deep elf mage (D:15)
  17 wolf spiders
  7 cyclopes
  11 ugly things
  18 elephants
  2 moths of wrath (Spider:3)
  A merfolk siren (Lair:3)
  A guardian serpent (Lair:6)
  A torpor snail (Spider:2)
  11 black mambas
  3 centaur zombies
  5 gargoyles
  2 kobold demonologists
  12 spiny frogs
  4 rime drakes
  12 komodo dragons
  7 demonic crawlers
  A merfolk (shapeshifter) (D:13)
  2 tengu conjurers (D:15)
  3 meliai
  A troll (shapeshifter) (D:15)
  23 jumping spiders
  5 trolls
  6 hornets
  7 slime creatures
  10 blink frogs
  10 hippogriffs
  A snapping turtle (shapeshifter) (D:13)
  4 shadows
  A centaur simulacrum (D:12)
  2 vampires
  57 redbacks
  25 tarantellas
  3 wraiths
  14 wyverns
  3 hogs (D:8)
  A human (D:8)
  32 yaks
  2 basilisks
  A steam dragon (Lair:6)
  A hungry ghost (D:15)
  5 vampire mosquitoes
  Menkaure (D:4)
  A warg (Orc:2)
  4 acid dragons
  7 soldier ants
  11 porcupines
  19 water moccasins
  A swamp drake (Lair:6)
  A black bear (Lair:5)
  23 orc warriors
  4 sky beasts
  3 ice beasts
  5 phantoms
  An eye of draining (D:12)
  A hornet zombie (D:15)
  5 centaurs
  10 ogres
  15 wolves
  23 crocodiles
  Blork the orc (D:4)
  2 big kobolds
  20 bullfrogs
  A wyvern zombie (D:13)
  A gnoll sergeant (Orc:1)
  A hornet simulacrum (D:13)
  3 scorpions
  51 killer bees
  8 wights
  An electric eel (D:10)
  5 howler monkeys
  3 bullfrog zombies
  10 crimson imps
  5 hounds
  5 jellies
  5 bullfrog skeletons
  24 orc priests
  A gnoll shaman (D:6)
  38 orc wizards
  9 centaur skeletons
  6 iguanas
  28 worker ants
  A hound skeleton (D:4)
  2 worker ant zombies
  Robin (D:4)
  A howler monkey zombie (D:8)
  8 gnolls
  10 adders
  3 shadow imps
  3 white imps (Lair:5)
  2 oozes
  An adder skeleton (D:7)
  An adder zombie (D:7)
  2 worms
  6 leopard geckos
  77 orcs
  A ball python (D:3)
  8 giant cockroaches
  14 goblins
  18 hobgoblins
  6 jackals
  7 quokkas
  6 bats
  5 frilled lizards
  16 kobolds
  2 quokka zombies
  7 rats
  6 fungi
  4 plants (Lair:6)
988 creatures vanquished.

Vanquished Creatures (others)
  A centaur warrior (D:11)
  A cyclops (D:15)
  A redback (Spider:2)
  A human (D:2)
  An orc (Orc:1)
  A bush (Lair:2)
  19 fungi
  27 plants
  2 withered plants (Lair:3)
54 creatures vanquished.

Grand Total: 1042 creatures vanquished

Notes
Turn   | Place    | Note
-------+----------+-------------------------------------------
     0 | D:1      | Jaiteiro the Minotaur Fighter began the quest for the Orb.
     0 | D:1      | Reached XP level 1. HP: 19/19 MP: 0/0
    66 | D:1      | Reached XP level 2. HP: 24/27 MP: 1/1
   643 | D:2      | Reached XP level 3. HP: 33/33 MP: 2/2
   720 | D:2      | Found a blossoming altar of Fedhas.
   720 | D:2      | Found a basalt altar of Yredelemnul.
  1180 | D:2      | Found an ancient bone altar of Kikubaaqudgha.
  1180 | D:2      | Noticed a human
  1183 | D:2      | Killed a human
  1256 | D:3      | Reached skill level 4 in Shields
  1357 | D:3      | Reached XP level 4. HP: 40/40 MP: 3/3
  1379 | D:3      | Reached skill level 1 in Dodging
  1458 | D:3      | Reached skill level 1 in Throwing
  1462 | D:3      | Reached XP level 5. HP: 23/47 MP: 4/4
  2240 | D:4      | Found a snail-covered altar of Cheibriados.
  2271 | D:4      | Found Uthot Nesarr's Distillery.
  2298 | D:4      | Noticed Robin
  2302 | D:4      | Noticed Menkaure
  2590 | D:4      | Reached XP level 6. HP: 49/53 MP: 5/5
  2683 | D:4      | Reached skill level 5 in Axes
  2781 | D:4      | Killed Robin
  2821 | D:4      | Killed Menkaure
  2821 | D:4      | Reached skill level 5 in Shields
  3059 | D:4      | Noticed Blork the orc
  3072 | D:4      | Killed Blork the orc
  3072 | D:4      | Reached XP level 7. HP: 50/60 MP: 6/6
  3379 | D:5      | Entered Level 5 of the Dungeon
  3391 | D:5      | Reached skill level 5 in Fighting
  3542 | D:5      | Found a shimmering altar of Xom.
  3542 | D:5      | Found a shimmering altar of Xom.
  3543 | D:5      | Found a shimmering altar of Xom.
  3543 | D:5      | Found a shimmering altar of Xom.
  3543 | D:5      | Found a shimmering altar of Xom.
  3551 | D:5      | Found a shimmering altar of Xom.
  3551 | D:5      | Found a shimmering altar of Xom.
  3559 | D:5      | Found a shimmering altar of Xom.
  3559 | D:5      | Found a shimmering altar of Xom.
  3567 | D:5      | Got a warped scale mail
  3581 | D:5      | Identified the cursed +0 scale mail "Finezinu" {MR- Int+7}
                  | (You found it on level 5 of the Dungeon)
  3582 | D:5      | Reached skill level 1 in Slings
  3582 | D:5      | Reached skill level 5 in Armour
  3588 | D:5      | Found a shattered altar of Ashenzari.
  3901 | D:5      | Reached XP level 8. HP: 63/68 MP: 7/7
  3962 | D:5      | Found a radiant altar of Vehumet.
  3963 | D:5      | Found a burning altar of Makhleb.
  4110 | D:6      | Reached skill level 6 in Shields
  4143 | D:6      | Found Dozache's Book Shop.
  4517 | D:6      | Reached XP level 9. HP: 75/75 MP: 8/8
  4599 | D:7      | Found a blossoming altar of Fedhas.
  4684 | D:7      | Found a sacrificial altar of Ru.
  4888 | D:7      | Reached skill level 7 in Shields
  4963 | D:7      | Found a staircase to the Ecumenical Temple.
  4973 | Temple   | Entered the Ecumenical Temple
  5019 | Temple   | Became a worshipper of the Shining One
  5454 | D:8      | Reached skill level 10 in Axes
  5633 | D:8      | Found a staircase to the Lair.
  5773 | D:8      | Reached skill level 1 in Invocations
  5803 | D:8      | Reached skill level 8 in Shields
  5803 | D:8      | Reached XP level 10. HP: 64/86 MP: 9/9
  6113 | D:8      | Reached * piety under the Shining One
  6219 | D:8      | Reached skill level 5 in Dodging
  6250 | D:8      | Found a large runed translucent door.
  6250 | D:8      | Found a large runed translucent door.
  6263 | D:8      | Noticed a soul eater
  6271 | D:8      | Noticed a sun demon
  6486 | D:8      | Found a snail-covered altar of Cheibriados.
  6486 | D:8      | Noticed a great orb of eyes
  6501 | D:8      | Killed a great orb of eyes
  6501 | D:8      | Reached skill level 9 in Shields
  6507 | D:8      | Found a glowing silver altar of Zin.
  6507 | D:8      | Noticed a cyclops
  6521 | D:8      | Killed a cyclops
  6961 | D:9      | Reached skill level 5 in Slings
  7028 | D:9      | Found Kenlunagask's Gadget Boutique.
  7191 | D:10     | Entered Level 10 of the Dungeon
  7221 | D:10     | Reached XP level 11. HP: 94/94 MP: 12/12
  7520 | D:10     | Reached ** piety under the Shining One
  7525 | D:10     | Reached skill level 10 in Shields
  8111 | D:11     | Noticed a centaur warrior
  8117 | D:11     | Killed a centaur warrior
  8238 | D:11     | Found Ruud's Demolitions Depot.
  8725 | D:11     | Noticed a two-headed ogre
  8736 | D:11     | Killed a two-headed ogre
  8736 | D:11     | Reached skill level 11 in Shields
  8739 | D:11     | Reached *** piety under the Shining One
  9051 | D:12     | Noticed a brown ugly thing
  9334 | D:12     | Killed a brown ugly thing
  9815 | D:12     | Reached XP level 12. HP: 103/103 MP: 14/14
  9837 | D:12     | Noticed a six-headed hydra
  9845 | D:12     | Killed a six-headed hydra
  9880 | D:12     | Noticed a two-headed ogre
  9880 | D:12     | Noticed a four-headed hydra
  9914 | D:12     | Killed a four-headed hydra
  9917 | D:12     | Killed a two-headed ogre
  9921 | D:12     | Reached skill level 5 in Invocations
 10153 | D:12     | Reached skill level 12 in Shields
 10482 | D:12     | Reached **** piety under the Shining One
 10717 | D:12     | Found a staircase to the Orcish Mines.
 11040 | D:13     | Noticed a two-headed ogre
 11048 | D:13     | Killed a two-headed ogre
 11048 | D:13     | Reached skill level 10 in Armour
 11881 | D:13     | Noticed a fire dragon
 11885 | D:13     | Noticed a two-headed ogre
 11885 | D:13     | a dream sheep changed into a two-headed ogre
 11890 | D:13     | a two-headed ogre changed into a shining eye
 11897 | D:13     | Killed a fire dragon
 12208 | D:13     | Found a gate to the Vaults.
 12356 | D:14     | Reached ***** piety under the Shining One
 12361 | D:13     | Reached XP level 13. HP: 85/111 MP: 16/16
 12499 | D:14     | Found a large runed translucent door.
 12499 | D:14     | Found a large runed translucent door.
 12501 | D:14     | Noticed Gearfox's ghost (journeyman MiBe)
 12576 | D:14     | Killed Gearfox's ghost
 12576 | D:14     | Reached skill level 13 in Shields
 12939 | D:14     | Noticed Frances
 12944 | D:15     | Entered Level 15 of the Dungeon
 12945 | D:15     | Found a runed translucent gate.
 12945 | D:15     | Found a runed translucent gate.
 12945 | D:15     | Found a runed translucent gate.
 12945 | D:15     | Noticed Monsterracer's ghost (journeyman OgCK)
 13133 | D:15     | Noticed a storm dragon
 13157 | D:15     | Noticed a stone giant
 13160 | D:15     | Noticed a frost giant
 13182 | D:15     | Killed a storm dragon
 13573 | D:15     | Killed a frost giant
 13818 | D:15     | Got a slimy tin ring
 13819 | D:15     | Identified the ring "Seinoppi" {rPois Str+6 Stlth+} (You
                  | found it on level 15 of the Dungeon)
 13914 | D:15     | Reached skill level 10 in Fighting
 14448 | D:15     | Reached skill level 14 in Shields
 14494 | D:15     | Noticed an ettin
 14509 | D:15     | Killed an ettin
 14970 | D:15     | Killed a stone giant
 15210 | D:15     | Reached XP level 14. HP: 113/121 MP: 18/18
 15234 | D:15     | Found a staircase to the Depths.
 15929 | D:14     | Killed Frances
 16330 | Orc:1    | Entered Level 1 of the Orcish Mines
 16460 | Orc:2    | Entered Level 2 of the Orcish Mines
 16519 | Orc:2    | Found a staircase to the Elven Halls.
 16537 | Orc:2    | Found a roughly hewn altar of Beogh.
 16805 | Orc:2    | Reached skill level 1 in Evocations
 17109 | Orc:2    | Found Bihopith's Gadget Shop.
 17109 | Orc:2    | Found Weojadel's Weapon Shop.
 17110 | Orc:2    | Found Vasi's General Store.
 17113 | Orc:2    | Found Ditsixoj's Jewellery Boutique.
 17388 | Orc:1    | Noticed Fannar
 17434 | Orc:1    | Killed Fannar
 17551 | Orc:1    | Noticed Erica
 17557 | Orc:1    | Killed Erica
 18172 | Lair:1   | Entered Level 1 of the Lair of Beasts
 19221 | Lair:2   | Reached skill level 15 in Shields
 20004 | Lair:3   | Found a runed translucent door.
 20004 | Lair:3   | Noticed feelmyfire's ghost (journeyman VSWr)
 20236 | Lair:3   | Killed feelmyfire's ghost
 20573 | Lair:3   | Found a staircase to the Shoals.
 20996 | Lair:4   | Got a polished rapier
 20997 | Lair:4   | Identified the +11 rapier of Dyfreet {vamp, *Corrode MR+
                  | SInv} (You found it on level 4 of the Lair of Beasts)
 21091 | Lair:4   | Reached skill level 10 in Dodging
 21123 | Lair:4   | Reached XP level 15. HP: 95/128 MP: 19/19
 21259 | Lair:4   | Found a hole to the Spider Nest.
 21349 | Lair:4   | Noticed Urug
 21376 | Lair:4   | Killed Urug
 21993 | Lair:5   | You fall through a shaft!
 21993 | Lair:6   | Entered Level 6 of the Lair of Beasts
 22027 | Lair:6   | Reached skill level 15 in Axes
 22150 | Lair:6   | Reached skill level 10 in Slings
 22341 | Lair:6   | Reached skill level 16 in Shields
 23886 | Lair:5   | Gained mutation: You do not regenerate when monsters are
                  | visible. [potion of mutation]
 23886 | Lair:5   | Gained mutation: You can translocate small distances at
                  | will. [potion of mutation]
 24292 | Lair:5   | Reached XP level 16. HP: 131/137 MP: 21/21
 24527 | Lair:5   | Found a staircase to the Slime Pits.
 25495 | Spider:1 | Entered Level 1 of the Spider Nest
 26418 | Spider:1 | Reached ****** piety under the Shining One
 27151 | Spider:2 | Reached skill level 17 in Shields
 27151 | Spider:2 | Reached skill level 5 in Evocations
 28252 | Spider:2 | Got a faintly glowing scimitar
 28284 | Spider:2 | Identified the +5 scimitar "Zeneow" {drain, rElec rN+
                  | Stlth+} (You found it on level 2 of the Spider Nest)
 29654 | Spider:3 | Noticed Asterion
 29844 | Spider:3 | Killed Asterion
 30228 | Spider:3 | Noticed Roxanne
 30273 | Spider:3 | Killed from afar by Roxanne

Skill      XL: |  1  2  3  4  5  6  7  8  9 10 11 12 13 14 15 16 |
---------------+-------------------------------------------------+-----
Fighting       | 4 5 6 7 8 9 10 11 | 11.8
Axes           | 3 4 5 7 9 10 11 12 13 14 15 16 | 16.0
Armour         | 4 5 6 7 8 9 10 11 12 13 | 13.3
Shields        | 4 5 6 8 9 11 12 14 15 16 17 | 17.7
Dodging        | 1 2 3 4 5 7 8 9 10 11 | 11.2
Throwing       | 1 |  1.7
Slings         | 1 2 3 5 6 7 8 9 10 11 | 11.1
Invocations    | 1 3 4 5 7 8 9 |  9.5
Evocations     | 3 4 5 |  5.7
Stealth        | |  0.1

Action                   |  1- 3 |  4- 6 |  7- 9 | 10-12 | 13-15 | 16-18 || total
-------------------------+-------+-------+-------+-------+-------+-------++-------
Melee: War axe           |    75 |   151 |       |   231 |  1175 |   354 ||  1986
       Headbutt          |    10 |    31 |    45 |   174 |   331 |    97 ||   688
       Hand axe          |       |    13 |   269 |   397 |       |       ||   679
       Mace              |       |       |    22 |    20 |    41 |       ||    83
       Eveningstar       |       |       |       |       |    32 |       ||    32
       Hunting sling     |       |       |       |       |       |    15 ||    15
 Fire: Hunting sling     |       |       |    10 |     3 |       |    59 ||    72
Throw: Stone             |       |       |     3 |       |       |       ||     3
       Tomahawk          |       |       |       |     3 |       |       ||     3
Invok: Divine Shield     |       |       |       |       |    13 |     3 ||    16
  Use: Scroll            |       |       |     9 |     5 |    18 |    11 ||    43
       Potion            |       |       |       |     1 |     7 |     5 ||    13
  Eat: Chunk             |     1 |     6 |     9 |    18 |    28 |    12 ||    74
       Ration            |       |       |       |     1 |     4 |     2 ||     7
Armor: Scale mail        |    33 |    10 |       |       |       |       ||    43
       Plate armour      |       |    69 |   162 |   167 |    28 |       ||   426
       Storm dragon scal |       |       |       |       |   264 |   148 ||   412
Dodge: Dodged            |    28 |    28 |    54 |   100 |   313 |   200 ||   723
Block: Shield            |    39 |    88 |   170 |   470 |  1139 |   530 ||  2436
       Reflection        |       |       |       |    25 |    37 |     6 ||    68
